AoeStats
← Godlike

Nomad

509428417Analyzed
2v2 RM · 7d ago on Sep 26, 2026· 30m 55s· 4 players
Game mode
Random Map
Map size
176×176
Population
200
Speed
Normal
Resources
Standard
Victory
Conquest
Starting age
Dark Age
Ending age
Imperial Age
RankedLock teamsTeams togetherTeam positionsShared explorationLock speedFull tech treeHidden civsTurbo modeCheats
Victory
Defeat
🇺🇸 Italians · United States
963
+16
🇺🇸 Saxons · United States
929
+17
🇩🇪 Romans · Germany
984
-17
🇩🇪 Celts · Germany
942
-16
Godlike
8:50 Loom
14:07 Feudal Age
14:36 Double-Bit Axe
15:03 Fishing Lines
16:29 Wheelbarrow
15:46 Gold Mining
17:08 Stone Mining
21:22 Castle Age
21:36 Fletching
21:46 Padded Archer Armor
24:14 Bow Saw
24:47 Stone Shaft Mining
24:41 Horse Collar
25:16 Forging
25:11 Scale Barding Armor
25:07 Gillnets
25:48 Heavy Plow
27:15 Hand Cart
27:41 Bodkin Arrow
29:03 Murder Holes
29:29 Ballistics
30:31 Light Cavalry
31:22 Bloodlines
31:12 Husbandry
martinledford2010
17:22 Feudal Age
17:03 Loom
19:13 Fishing Lines
19:30 Fishing Lines
19:15 Man-at-Arms
19:43 Arson
19:51 Double-Bit Axe
20:22 Fletching
20:33 Padded Archer Armor
20:44 Forging
20:35 Scale Mail Armor
23:00 Wheelbarrow
22:10 Town Watch
22:19 Gold Mining
22:29 Stone Mining
29:36 Castle Age
30:03 Long Swordsman
30:30 Gambesons
30:45 Squires
noHotkeys
3:51 Loom
16:45 Feudal Age
18:21 Wheelbarrow
17:31 Fishing Lines
19:19 Double-Bit Axe
21:32 Stone Mining
25:05 Castle Age
25:51 Fletching
27:13 Gillnets
29:22 Bodkin Arrow
Lord_xy2
5:57 Loom
17:29 Feudal Age
18:50 Wheelbarrow
18:01 Double-Bit Axe
17:57 Horse Collar
23:43 Castle Age
23:01 Gold Mining
23:04 Stone Mining
23:20 Stone Mining
26:39 Bow Saw
Connection lost

Rejoining the realm…

Still unreachable

The connection could not be restored.

Session expired

The server has moved on; the page needs a fresh start.